 Dungeon Crawl Stone Soup version 0.31.0-32-g396128a36d (webtiles) character file.

Game seed: 17656521773121780989

161 spaghetti the Covert (level 5, 0/49 HPs)
             Began as a Naga Delver on Mar 9, 2024.
             Slain by Duvessa
             ... wielding a +0 rapier
              (10 damage)
             ... on level 7 of the Dungeon.
             The game lasted 00:00:46 (367 turns).

spaghetti the Covert (Naga Delver)                   Turns: 367, Time: 00:00:46

Health: 0/49       AC:  3    Str: 14    XL:     5   Next: 42%
Magic:  5/5        EV:  9    Int: 13    God:
Gold:   10         SH:  0    Dex: 12    Spells: 4/4 levels left

rFire   . . .        a - +0 short sword
rCold   . . .        (no shield)
rNeg    . . .        b - +0 leather armour
rPois   +            (no helmet)
rElec   .            (no cloak)
rCorr   .            (no gloves)
SInv    +            (no barding)
Will    .....        (no amulet)
Stlth   ++++         (no ring)
HPRegen 0.28/turn    (no ring)
MPRegen 0.09/turn

%: no passive effects
@: hasted, quick
A: AC +1, large, see invisible, deformed body, poison resistance, slowness 2,
spit poison 1, naga tail 1
a: Spit Poison


You were on level 7 of the Dungeon.
You visited 1 branch of the dungeon, and saw 3 of its levels.

You collected 10 gold pieces.

Inventory:

Hand Weapons
 a - a +0 short sword (weapon)
Armour
 b - a +0 leather armour (worn)
Wands
 g - a wand of digging (3)
Scrolls
 c - a scroll of fog
 d - a scroll of revelation


   Skills:
 - Level 3.0 Fighting
 - Level 2.0 Short Blades
 - Level 1.5 Dodging
 + Level 10.8 Stealth


You had 4 spell levels left.
You didn't know any spells.
Your spell library was empty.

Dungeon Overview and Level Annotations

Branches:
Dungeon (7/15)
 Temple: D:4-7

Altars:

Annotations:
D:7 Duvessa


Innate Abilities, Weirdness & Mutations

Your serpentine skin is tough. (AC +1)
You have supernaturally acute eyesight. (SInv)
Armour fits poorly on your strangely shaped body.
Your system is resistant to poisons. (rPois)
You cover ground very slowly.
You can spit poison.
You have a snake-like lower body.


Message History

You feel clever.
Unknown command.
You start resting.
You have got your breath back.
You start resting.
HP restored.
There is an open door, spattered with blood here.
You now have 10 gold pieces.
Found a stone staircase leading down.
Found a chain mail.
There is a stone staircase leading down here.
You climb downwards.
There is a stone staircase leading up here.
There is a stone staircase leading up here.
A steam dragon comes into view.
Found 13 gold pieces.
A scorpion comes into view.
Found 2 scrolls labelled XAACAOG TUIS and 22 gold pieces.
Found 10 gold pieces and a potion of haste.
Duvessa, Sister of Dowan comes into view.
She is wielding a +0 rapier.
Dowan and a howler monkey come into view.
Found 16 gold pieces.
The helpless Dowan fails to defend himself.
You impale Dowan!!
You kill Dowan!
Duvessa screams, "No!
How DARE you!"
Duvessa goes berserk!
Duvessa hits you with a +0 rapier!
You have reached level 5!
Unknown command.
Unknown command.
Okay, then.
As you read the scroll of fear, it crumbles to dust.
You assume a fearsome visage.
Duvessa is unaffected.
The howler monkey looks frightened!
The howler monkey howls!
Duvessa hits you with a +0 rapier!
You feel yourself speed up. Duvessa hits you with a +0 rapier!
* * * LOW HITPOINT WARNING * * *
Duvessa hits you with a +0 rapier!
You die...

#..##.###.###.##...
## #...........#.#
#...##.###.##...#
#.#.#.......#.#.##
...#...##.##...#..#
.# #.#.#...#.#.#.##
...#$..8...#... #.#
#.#...#.#)#. ...
.?.##.##.@.# s#
#.#$.....e#.#
!.$##.###.##...
.#.... ... $#.##
#.# #.## ##...#
...... #.# #.# .#
.# #


You could see Duvessa (berserk).

Vanquished Creatures
  An ogre (D:6)
  Dowan (D:7)
  An iguana (D:5)
3 creatures vanquished.

Notes
Turn   | Place    | Note
-------+----------+-------------------------------------------
     0 | D:5      | spaghetti the Naga Delver began the quest for the Orb.
     0 | D:5      | Reached XP level 1. HP: 21/21 MP: 1/1
     5 | D:5      | Noticed an iguana
    11 | D:5      | Killed an iguana
    12 | D:5      | Reached skill level 8 in Stealth
    12 | D:5      | Reached XP level 2. HP: 17/28 MP: 2/2
    12 | D:5      | Reached XP level 3. HP: 21/34 MP: 3/3
   212 | D:6      | Noticed an ogre
   215 | D:6      | Killed an ogre
   216 | D:6      | Reached skill level 10 in Stealth
   216 | D:6      | Reached XP level 4. HP: 22/42 MP: 4/4
   350 | D:7      | Noticed a steam dragon
   357 | D:7      | Noticed a scorpion
   363 | D:7      | Noticed Duvessa
   364 | D:7      | Noticed Dowan
   365 | D:7      | Killed Dowan
   366 | D:7      | Reached XP level 5. HP: 36/49 MP: 5/5
   367 | D:7      | Slain by Duvessa

Illustrated notes

Levels and vault maps discovered:
D:5:      layout_basic
D:6:      layout_gridville, serial_shops, nicolae_shop_trees
D:7:      layout_loops_ring, lemuel_temple_firewalk_b,
          nicolae_concentric_dashed_squares_wild, uniq_duvessa

Skill      XL: |  1  2  3 |
---------------+----------+-----
Stealth        | 8 10 | 10.8
Fighting       | |  3.0
Short Blades   | |  2.0
Dodging        | |  1.5

Action                     |  1- 3 |  4- 6 || total
---------------------------+-------+-------++-------
  Melee: Short sword       |     2 |     1 ||     3
Ability: Spit Poison       |     2 |       ||     2
    Use: Scroll            |       |     1 ||     1
         Potion            |       |     1 ||     1
   Stab: Sleeping          |     2 |     1 ||     3
 Armour: Leather armour    |     2 |     4 ||     6
